 Dungeon Crawl Stone Soup version 0.20-a0-809-gaf7f668 (webtiles) character file.

68 Dfrag the Conjurer (level 4, -2/36 HPs)
             Began as a Naga Conjurer on Mar 2, 2017.
             Slain by a gnoll
             ... wielding a +0 halberd
              (8 damage)
             ... on level 2 of the Dungeon.
             The game lasted 00:02:09 (1052 turns).

Dfrag the Conjurer (Naga Conjurer)                  Turns: 1052, Time: 00:02:10

Health: -2/36      AC:  2    Str: 10    XL:     4   Next: 19%
Magic:  7/9        EV:  5    Int: 16    God:
Gold:   37         SH:  0    Dex: 12    Spells: 6/9 levels left

rFire    . . .     SeeInvis +   m - +3 spear (pierce)
rCold    . . .     Gourm    .   a - +0 robe
rNeg     . . .     Faith    .   (no shield)
rPois    +         Spirit   .   (no helmet)
rElec    .         Reflect  .   (no cloak)
rCorr    .         Harm     .   (no gloves)
MR       .....                  (no barding)
Stlth    ++........             (no amulet)
Regen    0.2/turn               (no ring)
MPRegen  0.2/turn               (no ring)

@: short of breath, very slightly contaminated, held, very slow
A: see invisible, deformed body, poison resistance, slowness 2, slow metabolism
1, spit poison 1, AC +1
a: Spit Poison


You were on level 2 of the Dungeon.
You were not hungry.

You visited 1 branch of the dungeon, and saw 2 of its levels.

You collected 37 gold pieces.

Inventory:

Hand Weapons
 m - a +3 spear of piercing (weapon)
Armour
 a - a +0 robe (worn)
Scrolls
 d - a scroll of magic mapping {unknown}
 e - 2 scrolls of fog {unknown}
 f - a scroll of enchant armour {unknown}
 g - 4 scrolls of identify {unknown}
 j - a scroll of enchant weapon {unknown}
Potions
 h - a potion of berserk rage {unknown}
 k - a potion of curing {unknown}
Books
 b - a book of Conjurations

   Spells                             Type                      Level
   a - Magic Dart                     Conjuration                  1
   b - Searing Ray                    Conjuration                  2
   c - Dazzling Spray                 Conjuration/Hexes            3
   d - Fulminant Prism                Conjuration/Hexes            4
   e - Force Lance                    Conjuration/Translocation    4
   f - Iskenderun's Mystic Blast      Conjuration                  4
Comestibles
 c - 2 bread rations
 i - 3 fruits
 l - 7 chunks of flesh


   Skills:
 - Level 1.5 Dodging
 - Level 3.0 Stealth
 * Level 3.4 Spellcasting
 + Level 4.5 Conjurations


You had 6 spell levels left.
You knew the following spells:

 Your Spells              Type           Power        Failure   Level  Hunger
a - Magic Dart            Conj           ###.         3%          1    None
b - Searing Ray           Conj           ###...       6%          2    ##.....


Dungeon Overview and Level Annotations

Branches:
Dungeon (2/15)

Altars:


Innate Abilities, Weirdness & Mutations

You cannot wear boots.
Your serpentine skin is tough. (AC +1)
You have supernaturally acute eyesight. (SInv)
Armour fits poorly on your strangely shaped body.
Your system is resistant to poisons. (rPois)
You cover ground very slowly.
You have a slow metabolism.
You can spit poison.


Message History

A gnoll is nearby!
A gnoll is nearby!
A gnoll is nearby!
Press: ? - help, Shift-Dir - straight line, f - gnoll
Aim: a gnoll, wielding a halberd The splash of poison misses the gnoll.
You feel slightly more hungry.
Unknown command.
Casting: Magic Dart
Confirm with . or Enter, or press ? or * to list all spells.
Aiming: Searing Ray
Press: ? - help, Shift-Dir - straight line, f/p - gnoll
Aim: a gnoll, wielding a halberd You miscast Searing Ray.
You are very lightly contaminated with residual magic.
Your skin glows momentarily.
The gnoll hits you from afar with a halberd!
The gnoll hits you from afar with a halberd!
* * * LOW HITPOINT WARNING * * *
The gnoll hits you from afar with a halberd!
You die...

#.###.#.#
#..........#
# #...#
#.##########
##..# #.#
.##.####..#
#.#
......<...#
#.#
#.#.####..#
#.# #..# #.#
##.# #.# #>#
#@#
.....g..#
........#
...$....#
g........#
#########.#
#.# #.#


You could see a gnoll.

Vanquished Creatures
  2 gnolls (D:2)
  An adder (D:2)
  An ooze (D:2)
  A worm (D:2)
  A leopard gecko (D:2)
  3 giant cockroaches
  6 goblins (D:1)
  2 hobgoblins (D:1)
  2 jackals (D:1)
  5 bats
  2 frilled lizards (D:1)
  3 kobolds (D:1)
  3 rats
32 creatures vanquished.

Notes
Turn   | Place    | Note
-------+----------+-------------------------------------------
     0 | D:1      | Dfrag the Naga Conjurer began the quest for the Orb.
     0 | D:1      | Reached XP level 1. HP: 15/15 MP: 3/3
   126 | D:1      | Reached XP level 2. HP: 22/22 MP: 3/5
   767 | D:2      | Reached XP level 3. HP: 28/28 MP: 2/7
   771 | D:2      | Learned a level 2 spell: Searing Ray
   957 | D:2      | Reached XP level 4. HP: 8/36 MP: 6/9
  1052 | D:2      | Slain by a gnoll

Vault maps used:
D:1:      elethiomel_arrival_quiet

Skill      XL: |  1  2  3 |
---------------+----------+-----
Spellcasting   | 3 |  3.4
Dodging        | |  1.5
Stealth        | |  3.0
Conjurations   | |  4.5

Action                   |  1- 3 |  4- 6 || total
-------------------------+-------+-------++-------
Melee: Unarmed           |     1 |       ||     1
 Cast: Magic Dart        |    30 |     3 ||    33
       Searing Ray       |     3 |       ||     3
 Abil: Spit Poison       |    17 |     2 ||    19
  Eat: Chunk             |     1 |     1 ||     2
Armor: Robe              |    26 |       ||    26
Dodge: Dodged            |    33 |       ||    33
